 Dungeon Crawl Stone Soup version 0.18.1-48-g4cf74bf (console) character file.

39766 Kloppie the Impaler (level 14, -1/180 (181) HPs)
             Began as a Merfolk Berserker on Sept 1, 2016.
             Was a High Priest of Trog.
             Slain by a death yak (9 damage)
             ... on level 7 of the Lair of Beasts.
             The game lasted 00:27:55 (16316 turns).

Kloppie the Impaler (Merfolk Berserker)            Turns: 16316, Time: 00:27:55

HP:   -1/180 (181)  AC: 14    Str: 26    XL:     14   Next: 8%
MP:   14/14         EV: 18    Int:  6    God:    Trog [*****.]
Gold: 1152          SH:  4    Dex: 18    Spells: 0 memorised, 13 levels left

rFire  + . .     SeeInvis .     a - +11 trident {pierce, rElec rC+++ rN+ MR-}
rCold  + + +     Gourm    .     E - +0 scale mail
rNeg   + . .     Faith    .     (no shield)
rPois  .         Spirit   .     I - +0 helmet
rElec  +         Dismiss  .     C - +0 cloak
rCorr  .         Reflect  +     D - +0 pair of gloves
SustAt .         Harm     .     j - +1 pair of boots
MR     .....                    Z - +4 amulet of reflection
Stlth  ..........               O - +3 ring of strength
                                J - ring of protection from fire

@: berserking, very quick, not resistant to hostile enchantments, extremely
unstealthy
A: change form in water, swift swim
a: Berserk, Trog's Hand, Brothers in Arms, Burn Spellbooks, Renounce Religion


You were on level 7 of the Lair of Beasts.
You worshipped Trog.
Trog was extremely pleased with you.
You were very hungry.

You visited 2 branches of the dungeon, and saw 17 of its levels.
You also visited: Volcano.

You collected 1176 gold pieces.
You spent 24 gold pieces at shops.

Inventory:

Hand Weapons
 a - the +11 trident of Ashenzari's Outrage (weapon) {pierce, rElec rC+++ rN+ MR-}
   (You found it on level 10 of the Dungeon)

   It inflicts extra damage upon your enemies.
   It renders you almost immune to cold.
   It insulates you from electricity.
   It protects you from negative energy.
   It affects your resistance to hostile enchantments.
 K - a +4 antimagic glaive
Armour
 j - a +1 pair of boots (worn)
 C - a +0 cloak (worn)
 D - a +0 pair of gloves (worn)
 E - a +0 scale mail (worn)
 I - a +0 helmet (worn)
Jewellery
 p - an uncursed amulet of regeneration
 w - an uncursed ring of fire
 J - a ring of protection from fire (left hand)
 O - a +3 ring of strength (right hand)
 Z - a +4 amulet of reflection (around neck)
Wands
 y - a wand of disintegration (12/24)
 B - a wand of digging (21/24)
 T - a wand of disintegration (12/24)
 U - a wand of disintegration (10/24)
 W - a wand of disintegration (8/24)
Scrolls
 b - 4 scrolls of fog
 o - 3 scrolls of remove curse
 s - 2 scrolls of noise
 t - 3 scrolls of fear
 v - 4 scrolls of teleportation
 M - 3 scrolls of enchant weapon
 Q - 2 scrolls of recharging
 X - a scroll of magic mapping
 Y - a scroll of enchant armour
Potions
 d - 5 potions of berserk rage
 g - 9 potions of curing
 h - a potion of cure mutation {unknown}
 m - 2 potions of agility
 n - 4 potions of heal wounds {unknown}
 q - 3 potions of might {unknown}
 u - 4 potions of haste {unknown}
 z - 3 potions of cancellation {unknown}
 A - a potion of mutation {unknown}
 F - 4 potions of flight {unknown}
 G - 2 potions of invisibility {unknown}
 H - a potion of brilliance {unknown}
 L - 4 potions of resistance {unknown}
 N - 2 potions of lignification {unknown}
Books
 e - a book of Changes

   Spells                             Type                      Level
   a - Beastly Appendage              Transmutation                1
   b - Sticks to Snakes               Transmutation                2
   c - Spider Form                    Transmutation/Poison         3
   d - Ice Form                       Ice/Transmutation            4
   e - Blade Hands                    Transmutation                5
   Trog disapproves of the use of such an item.
Comestibles
 c - 7 bread rations
 i - 11 fruits
 k - 3 beef jerkies
 l - 3 slices of pizza
 r - 3 meat rations
 x - 9 royal jellies


   Skills:
 + Level 14.6 Fighting
 + Level 19.9 Polearms
 - Level 8.3 Armour
 - Level 10.3 Dodging


You had 13 spell levels left.
You didn't know any spells.

Dungeon Overview and Level Annotations

Branches:
Dungeon (10/15)            Temple (0/1) D:7            Lair (7/8) D:10
 Shoals (0/4) Lair:6        Snake (0/4) Lair:4
  Slime: Lair:6-8       Orc: D:9-12

Altars:
Ashenzari
Elyvilon
Fedhas
Gozag
Kikubaaqudgha
Makhleb
Nemelex Xobeh
Okawaru
Qazlal
Ru
Vehumet
Xom

Shops:
D:4 (   D:6 ?   D:7 *   D:9 =   D:10 (


Message History

* * * LOW HITPOINT WARNING * * *
You impale the death yak!!
The death yak is moderately wounded.
You block the death yak's attack. The komodo dragon misses you.
You puncture the death yak!
The death yak is heavily wounded.
The death yak closely misses you.
You impale the death yak!!
The death yak is almost dead.
You completely miss the death yak.
The death yak is almost dead.
The death yak gores you but does no damage.
The komodo dragon bites you.
* * * LOW HITPOINT WARNING * * *
A yak comes into view.
The yak bellows!
You hit the death yak.
The death yak is almost dead.
The death yak gores you!
You die...

........... Y........
.#P..P.... #.#...#.
#......... #.Y...#.
#...†≈≈≈P .##....?.##
#....P≈≈≈§
......Y..P####....§≈≈§≈§
#.....PP..#....#≈≈§≈≈§
###...Y..P.......#≈≈≈§≈≈
......l@.........##≈≈§≈≈
....#.†Y...).....##≈≈§≈§
!.................§#§§≈§
...................#####
.......##........P.###.#
......# ###........P##..
...... #..............
....## #..............
#..............


You could see 2 death yaks, a komodo dragon and 3 yaks.

Vanquished Creatures
  Gastronok (D:9)
  The ghost of rkrisztian the Blocker, a journeyman MiFi of Okawaru (Volcano)
  2 hydras
  A centaur warrior (Volcano)
  7 death yaks
  A skeletal warrior (D:9)
  A deep elf mage (D:9)
  An ugly thing (D:9)
  A manticore (Lair:6)
  11 elephants
  An oklob plant (Lair:7)
  2 griffons
  2 black mambas
  5 spiny frogs
  Psyche (D:9)
  4 rime drakes
  10 komodo dragons
  2 yaktaurs (Volcano)
  A polar bear (Lair:6)
  5 blink frogs
  Grinder (D:6)
  Prince Ribbit (D:5)
  2 fire bats (Lair:7)
  21 yaks
  2 hungry ghosts (D:9)
  2 basilisks
  10 hippogriffs
  Menkaure (D:6)
  4 nagas (Lair:4)
  Duvessa (D:5)
  10 water moccasins
  11 porcupines
  An orc warrior (D:6)
  4 sky beasts
  A swamp drake (Lair:5)
  3 ice beasts
  A necrophage (D:9)
  3 ogres
  3 black bears (D:9)
  A phantom (D:6)
  4 centaurs
  22 wolves
  9 crocodiles
  3 big kobolds
  13 giant frogs
  A gnoll sergeant (D:7)
  Dowan (D:5)
  5 scorpions
  7 killer bees
  3 wights (D:10)
  3 electric eels
  4 howler monkeys
  3 crimson imps
  A giant frog zombie (D:10)
  6 hounds
  8 jellies
  6 orc priests
  2 giant frog skeletons
  Ijyb (D:2)
  Natasha (thrice) (D:3 D:4)
  7 orc wizards
  7 iguanas
  2 hell rats (Lair:1)
  7 worker ants
  7 sheep (Lair:5)
  A hound skeleton (D:7)
  A worker ant zombie (D:5)
  8 gnolls
  12 adders
  24 river rats
  2 shadow imps
  21 oozes
  2 adder zombies
  An adder skeleton (D:8)
  4 worms
  2 dart slugs
  6 giant geckos
  21 orcs
  4 giant cockroaches
  4 hobgoblins
  28 kobolds
  3 quokkas
  7 bats
  A giant gecko skeleton (D:7)
  5 giant newts
  5 goblins
  A jackal skeleton (D:8)
  2 jackal zombies
  5 rats
  A fungus (Lair:7)
  2 plants (Lair:7)
451 creatures vanquished.

Vanquished Creatures (others)
  A giant cockroach (D:4)
  8 fungi
  17 plants
26 creatures vanquished.

Grand Total: 477 creatures vanquished

Notes
Turn   | Place    | Note
--------------------------------------------------------------
     0 | D:1      | Kloppie the Merfolk Berserker began the quest for the Orb.
     0 | D:1      | Reached XP level 1. HP: 18/18 MP: 1/1
   211 | D:1      | Reached skill level 5 in Polearms
   211 | D:1      | Reached XP level 2. HP: 23/24 MP: 2/2
   645 | D:1      | Reached XP level 3. HP: 30/30 MP: 3/3
   713 | D:2      | Found a white marble altar of Elyvilon.
   903 | D:2      | Reached ** piety under Trog
  1205 | D:2      | Reached XP level 4. HP: 31/38 MP: 4/4
  1470 | D:2      | Found a shimmering altar of Xom.
  1633 | D:2      | Noticed Ijyb
  1647 | D:2      | Killed Ijyb
  1647 | D:2      | Reached skill level 6 in Polearms
  1650 | D:2      | Found a blossoming altar of Fedhas.
  1872 | D:2      | Noticed a sky beast
  1880 | D:2      | Killed a sky beast
  1880 | D:2      | Reached skill level 5 in Fighting
  1880 | D:2      | Reached skill level 7 in Polearms
  1880 | D:2      | Reached XP level 5. HP: 44/44 MP: 5/5
  2115 | D:3      | Reached XP level 6. HP: 45/52 MP: 6/6
  2290 | D:3      | Noticed Natasha
  2302 | D:3      | Killed Natasha
  2356 | D:3      | Noticed Natasha
  2408 | D:3      | Killed Natasha
  2507 | D:3      | Found an iron altar of Okawaru.
  2739 | D:4      | Found Hura's Weapon Shop.
  2902 | D:4      | Reached skill level 8 in Polearms
  2902 | D:4      | Reached XP level 7. HP: 33/59 MP: 7/7
  3485 | D:4      | Found a stormy altar of Qazlal.
  3506 | D:4      | Noticed Natasha
  3519 | D:4      | Killed Natasha
  3750 | D:5      | Entered Level 5 of the Dungeon
  3833 | D:5      | Reached *** piety under Trog
  3833 | D:5      | Reached skill level 9 in Polearms
  4138 | D:5      | Noticed Duvessa
  4140 | D:5      | Noticed Dowan
  4168 | D:5      | Killed Duvessa
  4191 | D:5      | Killed Dowan
  4191 | D:5      | Reached XP level 8. HP: 51/68 MP: 8/8
  4397 | D:5      | Reached skill level 10 in Polearms
  4647 | D:5      | Found an opulent altar of Gozag.
  4923 | D:5      | Found a sparkling altar of Nemelex Xobeh.
  4925 | D:5      | Found a shattered altar of Ashenzari.
  4927 | D:5      | Found an ancient bone altar of Kikubaaqudgha.
  5492 | D:5      | Noticed Prince Ribbit
  5516 | D:5      | Killed Prince Ribbit
  5670 | D:5      | Found a radiant altar of Vehumet.
  5719 | D:6      | Noticed Grinder
  5757 | D:6      | Killed Grinder
  5757 | D:6      | Reached skill level 11 in Polearms
  5836 | D:6      | Reached XP level 9. HP: 56/77 MP: 9/9
  6042 | D:6      | Got a polished spear
  6088 | D:6      | Reached skill level 12 in Polearms
  6363 | D:6      | Found Qypicoass's Magic Scroll Boutique.
  6366 | D:6      | Bought a scroll of identify for 24 gold pieces
  6366 | D:6      | Identified the cursed +2 spear of Conflict {pierce, Str+2 Stlth+} (You found it on level 6 of the Dungeon)
  6371 | D:6      | Noticed Menkaure
  6382 | D:6      | Killed Menkaure
  6386 | D:6      | Reached skill level 10 in Fighting
  6617 | D:7      | Found Bomeg's Assorted Antiques.
  7096 | D:7      | Found a staircase to the Ecumenical Temple.
  7292 | D:7      | Found a sacrificial altar of Ru.
  7545 | D:7      | Reached skill level 13 in Polearms
  7909 | D:8      | Found a burning altar of Makhleb.
  8063 | D:8      | Reached XP level 10. HP: 87/87 MP: 10/10
  8208 | D:8      | Reached **** piety under Trog
  8462 | D:9      | Noticed Psyche
  8476 | D:9      | Killed Psyche
  8546 | D:9      | Found Yfajeot's Jewellery Shoppe.
  8585 | D:9      | Noticed Gastronok
  8631 | D:9      | Reached skill level 5 in Dodging
  8647 | D:9      | Killed Gastronok
  8743 | D:9      | Received a gift from Trog
  8783 | D:9      | Found a shattered altar of Ashenzari.
  8841 | D:9      | Noticed a deep elf mage
  8928 | D:9      | Killed a deep elf mage
  8928 | D:9      | Reached XP level 11. HP: 83/97 MP: 11/11
  8941 | D:9      | Noticed a skeletal warrior
  8972 | D:9      | Killed a skeletal warrior
  9047 | D:9      | Got a slimy ring mail
  9051 | D:9      | Noticed a red ugly thing
  9061 | D:9      | Killed a red ugly thing
  9302 | D:9      | Identified the cursed +1 ring mail "Joinwaum" {MP+9 Str+4} (You found it on level 9 of the Dungeon)
  9335 | D:10     | Entered Level 10 of the Dungeon
  9375 | D:9      | Reached skill level 10 in Dodging
  9512 | D:10     | Found Wosisosch's Antique Weapon Shop.
  9540 | D:10     | Found a staircase to the Lair.
  9635 | D:10     | Got a polished trident
  9636 | D:10     | Identified the +11 trident of Ashenzari's Outrage {pierce, rElec rC+++ rN+ MR-} (You found it on level 10 of the Dungeon)
  9671 | D:10     | Received a gift from Trog
  9723 | D:10     | Reached skill level 14 in Polearms
 10021 | Lair:1   | Entered Level 1 of the Lair of Beasts
 10123 | Lair:1   | Found a dark tunnel.
 10163 | Volcano  | Entered a volcano
 10163 | Volcano  | Noticed rkrisztian's ghost (journeyman MiFi)
 10176 | Volcano  | Killed rkrisztian's ghost
 10219 | Volcano  | Noticed a centaur warrior
 10233 | Volcano  | Killed a centaur warrior
 10424 | Lair:1   | Reached ***** piety under Trog
 10424 | Lair:1   | Reached skill level 15 in Polearms
 10541 | Lair:1   | Reached XP level 12. HP: 96/107 MP: 12/12
 10993 | Lair:1   | You fall through a shaft!
 11132 | Lair:2   | Noticed a four-headed hydra
 11138 | Lair:2   | Killed a four-headed hydra
 11138 | Lair:2   | Reached skill level 16 in Polearms
 12138 | Lair:3   | Received a gift from Trog
 12738 | Lair:4   | Reached skill level 17 in Polearms
 12742 | Lair:4   | Reached skill level 5 in Armour
 12939 | Lair:4   | Found a staircase to the Snake Pit.
 13172 | Lair:4   | Reached XP level 13. HP: 58/113 MP: 13/13
 13617 | Lair:5   | Reached skill level 18 in Polearms
 13982 | Lair:5   | Received a gift from Trog
 14523 | Lair:6   | Found a staircase to the Shoals.
 15092 | Lair:7   | HP: 5/113 [elephant (7)]
 15409 | Lair:6   | Reached skill level 19 in Polearms
 16014 | Lair:7   | Received a gift from Trog
 16046 | Lair:7   | Reached XP level 14. HP: 85/120 MP: 14/14
 16315 | Lair:7   | HP: 8/180 [komodo dragon (4)]
 16316 | Lair:7   | Slain by a death yak

Skill      XL: |  1  2  3  4  5  6  7  8  9 10 11 12 13 |
---------------+----------------------------------------+-----
Polearms       | 5 7 8 9 11 13 15 17 19 | 19.9
Fighting       | 4 5 6 7 9 11 12 14 | 14.6
Dodging        | 9 10 | 10.3
Armour         | 5 8 |  8.3

Action                   |  1- 3 |  4- 6 |  7- 9 | 10-12 | 13-15 || total
-------------------------+-------+-------+-------+-------+-------++-------
Melee: Spear             |   122 |   203 |   628 |   386 |       ||  1339
       Unarmed           |       |    40 |       |       |       ||    40
       Trident           |       |       |       |   385 |   446 ||   831
       Tailslap          |       |       |       |     1 |     4 ||     5
Invok: Berserk           |       |     3 |     6 |     7 |     2 ||    18
       Trog's Hand       |       |     1 |     7 |     5 |     2 ||    15
  Use: Scroll            |       |       |    11 |    14 |     1 ||    26
       Potion            |       |       |       |       |     1 ||     1
 Stab: Sleeping          |       |       |     2 |       |       ||     2
  Eat: Chunk             |     1 |     9 |    21 |    23 |    11 ||    65
       Royal jelly       |       |       |     1 |     1 |       ||     2
       Fruit             |       |       |     1 |       |       ||     1
       Meat ration       |       |       |       |     1 |       ||     1
Armor: Ring mail         |    30 |    36 |    94 |       |       ||   160
       Animal skin       |     1 |       |       |       |       ||     1
       Scale mail        |       |       |    28 |   141 |    87 ||   256
Dodge: Dodged            |    48 |    92 |   174 |   352 |   218 ||   884
Block: Other             |       |       |       |       |    27 ||    27
